[Event "CCT Chessable Masters D-III 2024"]
[Site "Online"]
[Date "2024.02.02"]
[Round "1"]
[White "Zlatan56"]
[Black "MashaPutina"]
[Result "1/2-1/2"]
[ECO "B52"]
[WhiteElo "2627"]
[BlackElo "2652"]
[Annotator "NA"]
[PlyCount "87"]
[EventDate "2024.01.12"]
[EventType "k.o."]
[EventCountry "NET"]
[SourceTitle "playchess.com"]
[Source "ChessBase"]
[SourceQuality "1"]
[TimeControl "600+2"]

1. e4 c5 2. Nf3 d6 3. Bb5+ Bd7 4. c4 Nf6 5. Nc3 g6 6. O-O Bg7 7. Bxd7+ Nbxd7 8. d4 cxd4 9. Nxd4 O-O 10. Be3 a6 11. f3 Rc8 12. Qe2 Ne5 13. b3 b5 14. a4 bxc4 15. b4 d5 16. f4 Nd3 17. e5 Ne4 18. Nxe4 dxe4 19. b5 axb5 20. axb5 Qd5 21. Nc6 Rfe8 22. Rfb1 f6 23. Ra7 fxe5 24. fxe5 Rxc6 25. bxc6 Qxc6 26. Rbb7 Qe6 27. Qa2 Nxe5 28. Ra8 Rxa8 29. Qxa8+ Kf7 30. Bg5 Bf6 31. Bh6 g5 32. h4 gxh4 33. Qf8+ Kg6 34. Bf4 Ng4 35. Qe8+ Qf7 36. Qc6 c3 37. Qxe4+ Kg7 38. Bd6 Qg6 39. Rxe7+ Bxe7 40. Qxe7+ Qf7 41. Qg5+ Qg6 42. Qe7+ Qf7 43. Qg5+ Qg6 44. Qe7+ 1/2-1/2

[Event "CCT Chessable Masters D-III 2024"]
[Site "Online"]
[Date "2024.02.02"]
[Round "1"]
[White "Rakhmanov_Aleksandr"]
[Black "Tabatabaei, M. Amin"]
[Result "1/2-1/2"]
[ECO "E40"]
[WhiteElo "2626"]
[BlackElo "2696"]
[Annotator "RC"]
[PlyCount "221"]
[EventDate "2024.01.12"]
[EventType "k.o."]
[EventCountry "NET"]
[SourceTitle "playchess.com"]
[Source "ChessBase"]
[SourceQuality "1"]
[TimeControl "600+2"]

1. d4 Nf6 2. c4 e6 3. Nc3 Bb4 4. e3 O-O 5. Nf3 Bxc3+ 6. bxc3 d6 7. Bd3 Re8 8. O-O e5 9. e4 exd4 10. cxd4 Nxe4 11. Bxe4 Rxe4 12. Ng5 Re7 13. Qd3 f5 14. Nxh7 Kxh7 15. Bg5 Qe8 16. Qh3+ Kg8 17. Bxe7 Qxe7 18. Rae1 Qf7 19. Qh4 Nd7 20. Re7 Qf6 21. Re8+ Kf7 22. Qh5+ g6 23. Qe2 Nf8 24. d5 Ne6 25. Rxe6 Bxe6 26. dxe6+ Qxe6 27. Qf3 Qe4 28. Qb3 Kg7 29. Qc3+ Qe5 30. Qb4 Re8 31. Qxb7 Qc5 32. Qb2+ Kg8 33. Qf6 Qxc4 34. Qxg6+ Kf8 35. Qxf5+ Qf7 36. Qc2 c5 37. Rd1 Re5 38. h3 Qe7 39. Kh2 Re4 40. Qc3 Qe6 41. Qh8+ Ke7 42. Qg7+ Ke8 43. Qxa7 Qe5+ 44. g3 Re2 45. Qa8+ Ke7 46. Qb7+ Ke6 47. Qf3 c4 48. Rb1 Qe4 49. Qf8 Qxb1 50. Qe8+ Kd5 51. Qxe2 Qd3 52. Qh5+ Kd4 53. Qh8+ Kc5 54. Qc8+ Kb4 55. Qb7+ Ka3 56. Qa6+ Kb2 57. h4 Qd4 58. Qb5+ Kxa2 59. Qa4+ Kb2 60. Qb4+ Kc2 61. Kg1 Qd1+ 62. Kg2 Qd5+ 63. Kh2 c3 64. Qa4+ Kb2 65. Qb4+ Kc2 66. Qa4+ Kd2 67. Qb4 Qc5 68. Qf4+ Kd1 69. Qf3+ Ke1 70. Qe4+ Kxf2 71. Qc2+ Ke3 72. Qc1+ Kd3 73. Qd1+ Ke3 74. Qc1+ Ke4 75. Qf4+ Kd3 76. Qf1+ Kd2 77. Qf4+ Kc2 78. Qe4+ Kb2 79. Qb7+ Ka3 80. Qa6+ Kb4 81. Qb7+ Qb5 82. Qc7 Qe2+ 83. Kh3 Qe6+ 84. Kh2 d5 85. h5 d4 86. Qb7+ Kc4 87. Qc7+ Kb3 88. Qb7+ Kc2 89. Qg2+ Kc1 90. Qf1+ Kb2 91. Qb5+ Kc2 92. Qa4+ Kd3 93. Qd1+ Kc4 94. Qa4+ Kc5 95. Qa5+ Kd6 96. Qb6+ Ke5 97. Qc7+ Ke4 98. Qb7+ Ke3 99. Qg2 d3 100. Qg1+ Kd2 101. Qg2+ Kc1 102. Qg1+ Kc2 103. Qf2+ d2 104. g4 Kc1 105. Qf4 Qe2+ 106. Kg3 Kc2 107. Qa4+ Kb2 108. Qb4+ Kc2 109. Qa4+ Kc1 110. Qa1+ Kc2 111. Qa4+ 1/2-1/2

[Event "CCT Chessable Masters D-III 2024"]
[Site "Online"]
[Date "2024.02.02"]
[Round "1"]
[White "Rakhmanov_Aleksandr"]
[Black "Tabatabaei, M. Amin"]
[Result "1-0"]
[ECO "A20"]
[WhiteElo "2614"]
[BlackElo "2696"]
[Annotator "ChessBase"]
[PlyCount "123"]
[EventDate "2024.01.12"]
[EventType "k.o."]
[EventCountry "NET"]
[SourceTitle "playchess.com"]
[Source "ChessBase"]
[SourceQuality "1"]
[TimeControl "600+2"]

1. c4 e5 2. Nf3 Nc6 3. d4 exd4 4. Nxd4 Nf6 5. Nxc6 dxc6 6. Qxd8+ Kxd8 7. Bg5 Be6 8. e3 Be7 9. Nc3 h6 10. O-O-O+ Kc8 11. Bh4 a5 12. Be2 a4 13. h3 Re8 14. Kc2 b6 15. g4 Kb7 16. Rhg1 Bb4 17. Bxf6 gxf6 18. Bd3 Ra5 19. Ne2 Rc5 20. b3 Ra8 21. Rb1 h5 22. Nd4 hxg4 23. hxg4 Rca5 24. Bf5 Re8 25. Rgd1 axb3+ 26. axb3 Bc5 27. Bxe6 Ra2+ 28. Rb2 Rxb2+ 29. Kxb2 fxe6 30. Kc3 Bd6 31. Nf3 Rh8 32. Kd3 c5 33. Rg1 Be7 34. Rg2 Ra8 35. Rh2 Ra2 36. Nd2 Kc6 37. Rh7 Bd8 38. f4 Ra1 39. Rh8 Kd7 40. Ne4 Rb1 41. Kc2 Re1 42. Kd2 Rb1 43. Kc2 Re1 44. Kd3 Rb1 45. Nd2 Rg1 46. Rg8 Be7 47. Ne4 Rd1+ 48. Ke2 Rb1 49. Nd2 Rg1 50. Nf3 Rb1 51. g5 fxg5 52. fxg5 Rxb3 53. g6 Bf6 54. Rf8 Ba1 55. g7 Bxg7 56. Rf7+ Kd6 57. Rxg7 c6 58. Nd2 Rb2 59. Kd3 e5 60. Rg6+ Kd7 61. Nf3 Rb3+ 62. Ke4 1-0

[Event "CCT Chessable Masters D-III 2024"]
[Site "Online"]
[Date "2024.02.02"]
[Round "1"]
[White "BilodeauA"]
[Black "bardiya_Daneshvar"]
[Result "1/2-1/2"]
[ECO "B06"]
[WhiteElo "2613"]
[BlackElo "2593"]
[Annotator "ChessBase"]
[PlyCount "140"]
[EventDate "2024.01.12"]
[EventType "k.o."]
[EventCountry "NET"]
[SourceTitle "playchess.com"]
[Source "ChessBase"]
[SourceQuality "1"]
[TimeControl "600+2"]

1. e4 c5 2. Nf3 g6 3. c3 d5 4. exd5 Qxd5 5. d4 Bg7 6. Nbd2 cxd4 7. Bc4 Qd8 8. Nxd4 Nf6 9. O-O O-O 10. N2f3 Qc7 11. Qe2 Bg4 12. h3 Bxf3 13. Nxf3 Nc6 14. Bg5 e6 15. Rfd1 Rad8 16. Qc2 Rc8 17. Bf1 Nd5 18. Re1 a6 19. Rad1 b5 20. Qe4 h6 21. Bc1 Nde7 22. Bf4 Qb6 23. a3 Rfd8 24. h4 Nd5 25. Bc1 Nce7 26. Ne5 Nf5 27. h5 g5 28. Qf3 Qc7 29. Ng4 Nf4 30. g3 Nd5 31. Bd3 Nde7 32. Bb1 Rxd1 33. Rxd1 Rd8 34. Rxd8+ Qxd8 35. Qd3 Qc7 36. Ne3 Kf8 37. Qe4 Nd6 38. Qa8+ Qc8 39. Qxc8+ Nexc8 40. Bd3 Nb6 41. Kg2 f5 42. g4 f4 43. Nc2 Nbc4 44. f3 Nb7 45. Nb4 Nc5 46. Bc2 Ke8 47. Kf2 Kd7 48. Ke2 Kd6 49. Nd3 a5 50. Nxc5 Kxc5 51. a4 b4 52. cxb4+ axb4 53. b3 Na5 54. Bd2 Bc3 55. Kd3 Bxd2 56. Kxd2 Kd4 57. Bd1 Nb7 58. Be2 Na5 59. Bd1 e5 60. Bc2 Nb7 61. Be4 Nc5 62. Bc2 e4 63. fxe4 Nxe4+ 64. Bxe4 Kxe4 65. Ke2 Kd4 66. Kf3 Kd5 67. Kf2 Kc5 68. Kf3 Kd5 69. Kf2 Kc5 70. Kf3 Kd5 1/2-1/2

[Event "CCT Chessable Masters D-III 2024"]
[Site "Online"]
[Date "2024.02.02"]
[Round "1"]
[White "Paravyan, David"]
[Black "Demchenko, Anton"]
[Result "1-0"]
[ECO "C24"]
[WhiteElo "2612"]
[BlackElo "2609"]
[Annotator "ChessBase"]
[PlyCount "163"]
[EventDate "2024.01.12"]
[EventType "k.o."]
[EventCountry "NET"]
[SourceTitle "playchess.com"]
[Source "ChessBase"]
[SourceQuality "1"]
[TimeControl "600+2"]

1. e4 e5 2. Nf3 Nc6 3. Bc4 Nf6 4. d3 d5 5. exd5 Nxd5 6. O-O Nb6 7. Bb5 Bd6 8. Bxc6+ bxc6 9. Nxe5 Bxe5 10. Re1 Qe7 11. f4 Bd4+ 12. Kh1 Be6 13. f5 O-O 14. fxe6 Nd5 15. c4 Nf6 16. Nc3 fxe6 17. Be3 Rad8 18. Bxd4 Rxd4 19. Qe2 Re8 20. Rf1 Qd6 21. Rae1 Ng4 22. g3 Nf6 23. Rf3 e5 24. Re3 Rd8 25. Qf3 Rf8 26. Rxe5 Rxd3 27. Qf5 Rd2 28. R5e2 h5 29. Rxd2 Qxd2 30. Qe6+ Kh8 31. Qe2 Rd8 32. Qxd2 Rxd2 33. Re2 Rd4 34. b3 Kg8 35. Kg2 Kf7 36. h3 Rd3 37. Na4 g5 38. Nc5 Rd6 39. Kf3 g4+ 40. hxg4 Nxg4 41. Kf4 Nf6 42. Ne4 Rd3 43. Nxf6 Kxf6 44. Rh2 Kg6 45. Re2 Kf6 46. Rf2 Rc3 47. Rh2 Kg6 48. Rd2 Rc1 49. Rd7 Rf1+ 50. Ke3 Re1+ 51. Kf3 Rf1+ 52. Ke3 Re1+ 53. Kf3 Rf1+ 54. Kg2 Ra1 55. Rxc7 Rxa2+ 56. Kf3 Ra6 57. c5 Kg5 58. Ke4 Ra3 59. b4 Ra4 60. Ke5 Rxb4 61. Rxc6 Rb3 62. Rc8 Kg4 63. Rg8+ Kh3 64. c6 Rc3 65. Kd6 Rd3+ 66. Ke6 Rc3 67. Kd7 Rd3+ 68. Kc8 a5 69. c7 a4 70. Kb7 Rb3+ 71. Kc6 Rc3+ 72. Kd6 Rd3+ 73. Ke5 Rc3 74. c8=Q+ Rxc8 75. Rxc8 Kxg3 76. Ke4 h4 77. Ke3 h3 78. Rg8+ Kh2 79. Kf2 Kh1 80. Rg1+ Kh2 81. Rg3 a3 82. Rxa3 1-0

[Event "CCT Chessable Masters D-III 2024"]
[Site "Online"]
[Date "2024.02.02"]
[Round "1"]
[White "Demchenko, Anton"]
[Black "Paravyan, David"]
[Result "1-0"]
[ECO "C24"]
[WhiteElo "2609"]
[BlackElo "2612"]
[Annotator "ChessBase"]
[PlyCount "47"]
[EventDate "2024.01.12"]
[EventType "k.o."]
[EventCountry "NET"]
[SourceTitle "playchess.com"]
[Source "ChessBase"]
[SourceQuality "1"]
[TimeControl "600+2"]

1. e4 e5 2. Bc4 Nf6 3. d3 c6 4. Nf3 d5 5. Bb3 Bd6 6. exd5 Nxd5 7. O-O O-O 8. Re1 Nd7 9. Bg5 Qc7 10. d4 exd4 11. Qxd4 h6 12. Bh4 Bc5 13. Qd2 N7f6 14. c4 Nf4 15. Bxf6 gxf6 16. Re4 Ng6 17. Qxh6 Bf5 18. Nc3 Bxe4 19. Nxe4 Qe7 20. Ng3 Bxf2+ 21. Kxf2 Rfe8 22. Nh5 Qe2+ 23. Kg3 Re6 24. Qg7# 1-0

[Event "CCT Chessable Masters D-III 2024"]
[Site "Online"]
[Date "2024.02.02"]
[Round "1"]
[White "Dreev, Aleksey"]
[Black "Lysyj, Igor"]
[Result "1/2-1/2"]
[ECO "E39"]
[WhiteElo "2606"]
[BlackElo "2589"]
[Annotator "ChessBase"]
[PlyCount "137"]
[EventDate "2024.01.12"]
[EventType "k.o."]
[EventCountry "NET"]
[SourceTitle "playchess.com"]
[Source "ChessBase"]
[SourceQuality "1"]
[TimeControl "600+2"]

1. d4 Nf6 2. c4 e6 3. Nc3 Bb4 4. Qc2 c5 5. dxc5 O-O 6. a3 Bxc5 7. Nf3 d5 8. e3 dxc4 9. Bxc4 b6 10. Ne4 Nxe4 11. Qxe4 Ba6 12. Bxa6 Nxa6 13. b4 Qf6 14. Rb1 Be7 15. Bb2 Qg6 16. Qxg6 hxg6 17. Rc1 Rac8 18. Ke2 Nb8 19. Rhd1 f6 20. Nd4 Kf7 21. Nb5 a6 22. Na7 Rxc1 23. Rxc1 e5 24. Rc7 Ke6 25. Nc8 Bd8 26. Rxg7 Nd7 27. Rxg6 Bc7 28. Na7 Bd6 29. Rg4 Ra8 30. Nc6 Kd5 31. b5 axb5 32. Nb4+ Ke6 33. h4 Rc8 34. h5 Rh8 35. Rh4 f5 36. h6 Rh7 37. Nd3 Bf8 38. e4 Rxh6 39. exf5+ Kxf5 40. g4+ Ke6 41. Rh5 Rxh5 42. gxh5 Nf6 43. Nxe5 Nxh5 44. Nc6 Nf4+ 45. Ke3 Nd5+ 46. Ke4 Nf6+ 47. Kd3 Nd5 48. Nd4+ Ke5 49. Nxb5+ Kf4 50. Bd4 Kf3 51. Kc4 Nf4 52. a4 Nh3 53. Bxb6 Nxf2 54. a5 Ng4 55. Bc7 Ne3+ 56. Kb3 Nd5 57. Bd8 Ke4 58. a6 Bc5 59. Kc4 Bg1 60. Nd6+ Ke5 61. Nc8 Ke6 62. Ba5 Kd7 63. Kxd5 Kxc8 64. Kc6 Bf2 65. Bc7 Bg1 66. Bb6 Bxb6 67. Kxb6 Kb8 68. a7+ Ka8 69. Ka6 1/2-1/2

[Event "CCT Chessable Masters D-III 2024"]
[Site "Online"]
[Date "2024.02.02"]
[Round "1"]
[White "Dreev, Aleksey"]
[Black "Lysyj, Igor"]
[Result "0-1"]
[ECO "E06"]
[WhiteElo "2606"]
[BlackElo "2589"]
[Annotator "ChessBase"]
[PlyCount "136"]
[EventDate "2024.01.12"]
[EventType "k.o."]
[EventCountry "NET"]
[SourceTitle "playchess.com"]
[Source "ChessBase"]
[SourceQuality "1"]
[TimeControl "600+2"]

1. d4 Nf6 2. Nf3 d5 3. g3 e6 4. Bg2 Be7 5. O-O O-O 6. Nbd2 c5 7. dxc5 Bxc5 8. a3 a5 9. c4 Nc6 10. cxd5 exd5 11. Nb3 Bb6 12. Nbd4 Re8 13. b3 Ne4 14. Bb2 Bg4 15. Qd3 Rc8 16. Rac1 Qe7 17. e3 Nxd4 18. Nxd4 Bd7 19. Rfd1 Qf6 20. Rc2 Rxc2 21. Qxc2 Rc8 22. Qe2 Qe7 23. Qd3 h5 24. Ne2 Bg4 25. f3 Qg5 26. Nf4 Bxf3 27. Bxf3 Nxg3 28. Ng2 Nf5 29. Qxd5 Rc2 30. Bd4 Bxd4 31. exd4 Rc1 32. Qe4 g6 33. Qf4 Rxd1+ 34. Bxd1 Qd8 35. Be2 Nxd4 36. Bc4 Nf5 37. a4 Qd1+ 38. Qf1 Qd4+ 39. Qf2 Qd1+ 40. Qe1 Qd4+ 41. Kf1 Qd8 42. Ne3 Nd4 43. Qf2 Qe7 44. Nd5 Qe5 45. Nf6+ Kg7 46. Ne8+ Qxe8 47. Qxd4+ Kh6 48. Qf6 Qe4 49. Qxf7 Qh1+ 50. Ke2 Qxh2+ 51. Kd3 Qd6+ 52. Ke4 Kg5 53. Qf2 Qe7+ 54. Kd3 Qd6+ 55. Kc2 Qe5 56. Bd3 Kh6 57. Qd2+ g5 58. Qf2 g4 59. Qd2+ Kg7 60. Qf2 Qc7+ 61. Kd2 Qe5 62. Qb6 Qb2+ 63. Ke3 Qe5+ 64. Be4 Qg5+ 65. Kd3 Qf6 66. Qxb7+ Kh6 67. Qb8 Kg5 68. Qg8+ Kh4 0-1

[Event "CCT Chessable Masters D-III 2024"]
[Site "Online"]
[Date "2024.02.02"]
[Round "1"]
[White "Antipov, Mikhail Al."]
[Black "Matlakov, Maxim"]
[Result "1/2-1/2"]
[ECO "C47"]
[WhiteElo "2604"]
[BlackElo "2662"]
[Annotator "RC"]
[PlyCount "206"]
[EventDate "2024.01.12"]
[EventType "k.o."]
[EventCountry "NET"]
[SourceTitle "playchess.com"]
[Source "ChessBase"]
[SourceQuality "1"]
[TimeControl "600+2"]

1. e4 e5 2. Nf3 Nc6 3. Nc3 Nf6 4. h3 d5 5. exd5 Nxd5 6. Bb5 Nxc3 7. bxc3 Bd6 8. d4 exd4 9. O-O O-O 10. cxd4 h6 11. Bb2 Qf6 12. Re1 Bf5 13. Rb1 Nb4 14. d5 Bxc2 15. Bxf6 Bxd1 16. Rexd1 gxf6 17. Rd2 Rfd8 18. Bc4 Rab8 19. Nd4 Nxd5 20. Bxd5 Bf4 21. Re2 Rxd5 22. Nc6 Rdd8 23. Nxd8 Rxd8 24. g3 Be5 25. Rxb7 a5 26. Ra7 Rd5 27. Kg2 Kg7 28. Re4 Rc5 29. Ra6 h5 30. g4 h4 31. f4 Bd6 32. Ra8 f5 33. gxf5 Kf6 34. Kf3 Kxf5 35. Rh8 Rc3+ 36. Re3 Rc4 37. Rh5+ Kf6 38. Rxh4 Ra4 39. Re2 Ra3+ 40. Kg4 a4 41. Rh5 Rc3 42. Rf5+ Kg7 43. h4 Rc1 44. Rg2 a3 45. h5 Rh1 46. Kf3+ Kf8 47. Ke4 Rh4 48. Kd5 Bxf4 49. Rf2 Bd6 50. Rxf7+ Kg8 51. R7f5 Kg7 52. Rg2+ Kh6 53. Rg6+ Kh7 54. Rg2 Kh6 55. Ke6 Rxh5 56. Rf6+ Kh7 57. Kf7 Be5 58. Rf3 Bb2 59. Ke6 c5 60. Rf7+ Kh8 61. Rd2 Re5+ 62. Kd7 Kg8 63. Rf3 Rg5 64. Kc6 c4 65. Rd8+ Kg7 66. Rd7+ Kg6 67. Rd6+ Kh5 68. Rd5 c3 69. Rf2 Kg4 70. Rxg5+ Kxg5 71. Kd5 Kg4 72. Ke4 Kg3 73. Rc2 Kg4 74. Rg2+ Kh3 75. Kf3 Kh4 76. Rg4+ Kh5 77. Rc4 Kg5 78. Rc8 Kf5 79. Rc5+ Ke6 80. Ke4 Kf6 81. Rc4 Kg5 82. Rc6 Ba1 83. Rc5+ Kf6 84. Rc6+ Kg5 85. Kd3 Kf4 86. Rc5 Bb2 87. Rd5 Ba1 88. Ra5 Bb2 89. Rc5 Ba1 90. Rc4+ Ke5 91. Rc5+ Kd6 92. Kc4 Bb2 93. Kb4 Ke6 94. Kb3 Kd6 95. Rh5 Ke6 96. Rh3 Kd6 97. Rxc3 Bxc3 98. Kxc3 Kc5 99. Kb3 Kb6 100. Kxa3 Ka5 101. Kb3 Kb5 102. a4+ Ka5 103. Kc4 Kxa4 1/2-1/2

[Event "CCT Chessable Masters D-III 2024"]
[Site "Online"]
[Date "2024.02.02"]
[Round "1"]
[White "ViIIagra"]
[Black "KuzubovYuriy"]
[Result "1-0"]
[ECO "D00"]
[WhiteElo "2603"]
[BlackElo "2692"]
[Annotator "TA"]
[PlyCount "125"]
[EventDate "2024.01.12"]
[EventType "k.o."]
[EventCountry "NET"]
[SourceTitle "playchess.com"]
[Source "ChessBase"]
[SourceQuality "1"]
[TimeControl "600+2"]

1. d4 Nf6 2. Nc3 d5 3. Bf4 a6 4. e3 e6 5. g4 Bb4 6. Nge2 {[%emt 0:00:02] D00: 1 d4 d5: Unusual lines.} Nxg4 7. Rg1 Qh4 8. Bg3 Qe7 9. a3 Ba5 $146 ({Predecessor:} 9... Bxc3+ 10. Nxc3 f5 11. Bd3 O-O 12. Qf3 c6 13. O-O-O e5 14. dxe5 Nd7 15. Qg2 Ndxe5 {1-0 Rodriguez Vila,A (2484)-Pacheco,D (2255) Rio Grande Centennial op 2021 (7)}) 10. b4 Bb6 11. Nf4 Nf6 12. Bh4 Qf8 13. Bh3 Nc6 14. Qf3 Ne7 15. Nd3 c6 16. Bxf6 gxf6 17. Qxf6 Ng6 18. Rb1 Bd8 19. Qf3 Qh6 20. Bg4 Ke7 21. Bh5 Bc7 22. h3 Rf8 23. Ne2 b6 (23... Nh4 $15 24. Qg4 Ng6) 24. Nef4 Bd7 25. Kd2 ({White should try} 25. Bxg6 $1 $11 hxg6 26. Ne5) 25... a5 (25... Bxf4 $15 26. Nxf4 e5 27. dxe5 Nxe5) 26. Bxg6 $1 $11 hxg6 27. Qg3 Bd6 28. Ne5 Bxe5 29. dxe5 Rh8 (29... axb4 $11 30. Rxb4 b5) 30. bxa5 $16 b5 31. Nd3 (31. h4 $1 $16) 31... Rxa5 $11 32. Rb4 Rxa3 33. Qf3 Qg7 $1 (33... Qxh3 34. Qf6+ Ke8 35. Rf4 $18) 34. Rf4 Rha8 ({Black should play} 34... Ke8 $11) 35. Rf6 (35. h4 $14) 35... Rxd3+ 36. Kxd3 Be8 {[%emt 0:00:02] [#]} (36... b4 $14) 37. Qf4 (37. Qh1 $1 $16) 37... c5 $14 38. h4 Qh7 (38... Qh8 $14) 39. Kd2 Ra2 40. e4 (40. Qg5 $16 Kd7 41. Rb1) 40... Ra4 $2 (40... d4 $1 $11 {and Black is okay.}) 41. Qg5 $18 Rxe4 $2 (41... Qh5) 42. Rf4+ $18 (42. Rxg6+ Kd7 43. Rh6 Rd4+ 44. Kc1 Qe4 $18) 42... Kf8 43. Rxe4 (43. Qxg6 $2 {perishes.} Qxg6 44. Rxg6 Rxf4 $19) 43... dxe4 44. Ke3 Bc6 (44... Qh5 $142) 45. Ra1 Qh5 46. Qxh5 gxh5 47. Ra7 Bd5 48. Rc7 c4 49. c3 Kg7 50. Kf4 Kg6 51. Rc5 f6 52. Rxb5 Ba8 53. Rb6 Bd5 54. Rd6 Kf7 55. Rd7+ Kg6 56. Re7 f5 57. Rc7 Kh6 58. Rf7 Kg6 59. Rf6+ Kg7 60. Kg5 Kh7 61. Kxh5 Kg7 62. Kg5 f4 63. Kxf4 1-0

[Event "CCT Chessable Masters D-III 2024"]
[Site "Online"]
[Date "2024.02.02"]
[Round "1"]
[White "rasmussvane"]
[Black "kpio91"]
[Result "0-1"]
[ECO "D02"]
[WhiteElo "2599"]
[BlackElo "2430"]
[Annotator "NA"]
[PlyCount "112"]
[EventDate "2024.01.12"]
[EventType "k.o."]
[EventCountry "NET"]
[SourceTitle "playchess.com"]
[Source "ChessBase"]
[SourceQuality "1"]
[TimeControl "600+2"]

1. d4 Nf6 2. Nf3 d5 3. Bf4 c5 4. e3 cxd4 5. exd4 Nc6 6. c3 g6 7. h3 Bg7 8. Be2 O-O 9. O-O Nh5 10. Bh2 Bh6 11. Re1 Bf4 12. Bxf4 Nxf4 13. Nbd2 Qd6 14. Bf1 Bf5 15. Nb3 Rae8 16. Nc5 Bc8 17. Qb3 e5 18. Qa3 b6 19. Ne4 Qxa3 20. Nf6+ Kh8 21. bxa3 Re6 22. dxe5 Nxe5 23. Nxe5 Rxf6 24. Rad1 Rd8 25. Bb5 a6 26. Ba4 Kg7 27. Bb3 Rfd6 28. Nd3 Ne6 29. Nb4 d4 30. Bxe6 Bxe6 31. Rxd4 Rxd4 32. cxd4 Rxd4 33. Nxa6 Bxa2 34. Re3 Bc4 35. Nb4 b5 36. Kh2 h5 37. Kg3 h4+ 38. Kf3 g5 39. g3 f5 40. Re5 Kf6 41. Rc5 Bf1 42. Rc6+ Ke7 43. Rc5 Ke6 44. Rc6+ Kd7 45. Rg6 Bxh3 46. Rxg5 Bg4+ 47. Ke3 Re4+ 48. Kd3 h3 49. f3 h2 50. Rg7+ Re7 51. Rxe7+ Kxe7 52. fxg4 h1=Q 53. gxf5 Qf3+ 54. Kd4 Qxa3 55. Kc5 Kf6 56. Kxb5 Kxf5 0-1

[Event "CCT Chessable Masters D-III 2024"]
[Site "Online"]
[Date "2024.02.02"]
[Round "1"]
[White "Indjic, Aleksandar"]
[Black "Sargissian, Gabriel"]
[Result "1-0"]
[ECO "C26"]
[WhiteElo "2595"]
[BlackElo "2672"]
[Annotator "TA"]
[PlyCount "77"]
[EventDate "2024.01.12"]
[EventType "k.o."]
[EventCountry "NET"]
[SourceTitle "playchess.com"]
[Source "ChessBase"]
[SourceQuality "1"]
[TimeControl "600+2"]

1. e4 e5 2. Nc3 Nf6 3. d4 exd4 4. Qxd4 Nc6 5. Qd3 Bc5 6. Bf4 {[%emt 0:00:16] C26: Vienna Game: 2...Nf6, sidelines .} d6 7. O-O-O Be6 8. f3 O-O 9. g4 $146 ({Predecessor:} 9. a3 a6 10. Be3 Qe7 11. f4 Bc4 12. Qxc4 Bxe3+ 13. Kb1 Bc5 14. Nd5 Nxd5 15. exd5 {0-1 Abdrlauf,E (2466)-Nakamura,H (2760) Titled Tuesday intern op 12th Jul Late blitz 2022 (4)}) 9... Nd7 10. Kb1 Nde5 11. Qe2 Qf6 12. Be3 Bc4 13. Qd2 Bb4 14. Bg2 $2 (14. f4 $1 $16 Bxc3 15. Qxc3 Nxg4 (15... Bxf1 $2 16. fxe5 Qxe5 17. Qxe5 $18) 16. e5 (16. Bxc4 $2 Qxc3 17. bxc3 Nxe3 $19)) 14... Nd7 (14... a5 $15) 15. Nd5 $1 $14 Bxd5 16. Qxd5 Bc5 17. Bc1 Nd4 (17... Nb6 $14 18. Qb3 Qe6) 18. g5 (18. Qxb7 $6 Rfb8 19. Qa6 Nb5 $11) 18... Qe7 19. Qc4 (19. Rxd4 $6 Nb6 20. Qb3 Bxd4 $11) 19... b5 20. Qf1 b4 21. f4 Rab8 22. Nf3 Nb5 23. Qc4 a5 {[%emt 0:00:09] [#]} 24. Bh3 ({Better is} 24. e5 $1 $16) 24... Rfd8 (24... c6 $1 $11) 25. e5 $1 $16 Na7 $2 (25... c6 $16) 26. Rhe1 $18 Qf8 $2 (26... Nb6 27. Qa6 dxe5 28. Qxa7 Ra8) 27. e6 fxe6 28. Bxe6+ Kh8 29. f5 Nb6 (29... b3 $142 30. axb3 (30. cxb3 Nc6 $18) 30... Nc6) 30. Qh4 $18 d5 31. g6 h6 {[%emt 0:00:01] [#]} 32. f6 (32. Bxh6 $142 $1 Bf2 (32... gxh6 33. f6) 33. Qxf2 gxh6 34. Ne5 Kg7 35. Ng4 Nd7 36. Bxd7 (36. Qxa7 b3 $18) 36... Rb6 37. Be6 (37. Rxd5 Rf6 $18) (37. Qd4+ Kg8) 37... Rxe6 38. Rxe6) 32... Qxf6 $18 33. Qxf6 gxf6 34. Bxh6 Bf8 35. Bf4 (35. Bxf8 $142 {g7+ would kill now.} Rxf8 36. g7+ (36. Bxd5 Rfd8 $18) 36... Kh7 37. gxf8=R (37. gxf8=B Nb5 $18) (37. gxf8=Q Rxf8 38. Bf5+ Kg7 $18) (37. gxf8=N+ Kg7 $18) 37... Rxf8 38. Rg1 (38. Bxd5 Nb5 $18) 38... Nc6 39. Rd3 (39. Bxd5 Rd8 $18) 39... Nc4 40. Nd4 (40. Bxd5 Kh8 41. Bxc4 b3 42. Nd4 bxa2+ 43. Bxa2 Rf7 44. Rh3+ Rh7 45. Rg8#) 40... Nd2+ 41. Kc1 (41. Rxd2 Ne5 42. Rdg2 Nf7 43. Rg4 Ng5 44. Rh4+ Kg6 45. Nf5 Rh8 46. Rxh8 c6 47. Rh6#) 41... Nb3+ 42. axb3 Nxd4 43. Rh3#) 35... Bd6 36. Bc1 (36. Rg1 $142 Re8 37. g7+ (37. Bxd5 Bxf4 38. g7+ Kh7 $17) 37... Kh7 38. Ne5 (38. Bxd5 Bxf4 39. Bf7 Rg8 $11) (38. g8=B+ Rxg8 39. Bxg8+ Rxg8 $18) (38. g8=N Rxe6 39. Nd4 Rxg8 $18) 38... Rxe6 39. Rd3) 36... Kg7 (36... Nc6 $18 37. h4 (37. Bxd5 Nxd5 38. Rxd5 Kg7 $16) 37... Re8) 37. Nh4 (37. Bxd5 Nxd5 38. Rxd5 Rb5 $11) (37. Nd4 $142 f5 38. Bf7 (38. Nxf5+ Kf6 $18) (38. Bxf5 Rh8 $18) 38... f4 39. Ne6+ Kf6 40. Nxf4 Rh8 41. Ne6 (41. Nxd5+ Nxd5 42. Rxd5 Rxh2 $18) 41... Rh5 42. h4) 37... Rh8 38. Nf5+ Kxg6 39. Rg1+ 1-0

[Event "CCT Chessable Masters D-III 2024"]
[Site "Online"]
[Date "2024.02.02"]
[Round "1"]
[White "Yoo, Christopher Woojin"]
[Black "Sarana, Alexey"]
[Result "0-1"]
[ECO "B48"]
[WhiteElo "2595"]
[BlackElo "2695"]
[Annotator "RC"]
[PlyCount "224"]
[EventDate "2024.01.12"]
[EventType "k.o."]
[EventCountry "NET"]
[SourceTitle "playchess.com"]
[Source "ChessBase"]
[SourceQuality "1"]
[TimeControl "600+2"]

1. e4 c5 2. Nf3 e6 3. d4 cxd4 4. Nxd4 Nc6 5. Nc3 Nf6 6. a3 Qc7 7. Be3 a6 8. Qf3 Bd6 9. Be2 Be5 10. O-O-O b5 11. Nxc6 dxc6 12. Bc5 Nd7 13. Bd4 Bxd4 14. Rxd4 e5 15. Rd2 O-O 16. Qe3 a5 17. Rhd1 Nf6 18. Qc5 b4 19. Nb5 Qb8 20. Nd6 bxa3 21. Qxa3 Be6 22. f3 a4 23. g4 Nd7 24. Bc4 Bxc4 25. Nxc4 Nb6 26. Ne3 Qc7 27. Rd6 Rfc8 28. g5 Rd8 29. h4 Rxd6 30. Qxd6 Qxd6 31. Rxd6 Rc8 32. h5 Kf8 33. Rd3 Ke7 34. Nf5+ Kf8 35. b3 g6 36. hxg6 hxg6 37. Nh6 Ke7 38. bxa4 Nxa4 39. Ra3 Ra8 40. Rb3 Nc5 41. Rc3 Ra5 42. Kd2 Ke6 43. Ke3 Ke7 44. Rc4 Ne6 45. Rxc6 Nxg5 46. c3 Ne6 47. Ng8+ Kf8 48. Nf6 Kg7 49. Nd5 Ra2 50. Nb4 Ra5 51. Nd3 Kf6 52. Rc8 Ra3 53. Nf2 Ra5 54. Rc6 Ke7 55. Rb6 f5 56. exf5 gxf5 57. Nd3 Kd7 58. c4 Ke7 59. Nb4 Ra3+ 60. Kf2 Nd4 61. Nd5+ Kd7 62. f4 exf4 63. c5 Ra2+ 64. Kf1 Ra1+ 65. Kf2 Ra2+ 66. Ke1 Nc2+ 67. Ke2 Nb4+ 68. Kf3 Nxd5 69. Rd6+ Kc7 70. Rxd5 Ra4 71. Rxf5 Kc6 72. Rg5 Rc4 73. Rh5 Rxc5 74. Rh8 Kb5 75. Kxf4 Rc4+ 76. Ke5 Kb4 77. Kd5 Rc5+ 78. Kd6 Rc4 79. Rb8+ Kc3 80. Rh8 Rd4+ 81. Ke5 Rd3 82. Rh4 Re3+ 83. Kd5 Rd3+ 84. Kc5 Rf3 85. Rc4+ Kd2 86. Rh4 Ke2 87. Kd4 Rg3 88. Rh2+ Kf3 89. Rh6 Rg4+ 90. Kd3 Rg5 91. Rf6+ Kg4 92. Rd6 Ra5 93. Rd4+ Kf5 94. Rb4 Ra3+ 95. Kc4 Ra6 96. Rb8 Rc6+ 97. Kd5 Rf6 98. Re8 Kg4 99. Re5 Kg3 100. Re4 Rf3 101. Re2 Rf5+ 102. Ke4 Rf8 103. Re3+ Kg4 104. Rd3 Re8+ 105. Kd4 Rd8+ 106. Kc3 Rc8+ 107. Kd2 Ra8 108. Rd4+ Kf5 109. Rd3 Ke5 110. Rc3 Kd4 111. Rd3+ Ke4 112. Rc3 Kf4 0-1

[Event "CCT Chessable Masters D-III 2024"]
[Site "Online"]
[Date "2024.02.02"]
[Round "1"]
[White "bardiya_Daneshvar"]
[Black "BilodeauA"]
[Result "1/2-1/2"]
[ECO "D37"]
[WhiteElo "2592"]
[BlackElo "2614"]
[Annotator "ChessBase"]
[PlyCount "36"]
[EventDate "2024.01.12"]
[EventType "k.o."]
[EventCountry "NET"]
[SourceTitle "playchess.com"]
[Source "ChessBase"]
[SourceQuality "1"]
[TimeControl "600+2"]

1. d4 Nf6 2. c4 e6 3. Nf3 d5 4. Nc3 Nbd7 5. Qc2 Bb4 6. g3 O-O 7. Bg2 Ne4 8. O-O Bxc3 9. bxc3 Nb6 10. c5 Nc4 11. Ne1 f5 12. Nd3 b6 13. Rb1 a5 14. f3 Nf6 15. Qa4 Bd7 16. Qc2 Bc8 17. Qa4 Bd7 18. Qc2 Bc8 1/2-1/2